 Dungeon Crawl Stone Soup version 0.22.1-1-ga44c0e56f4 (webtiles) character file.

3413 Launchbay the Cleaver (level 9, 0/81 HPs)
             Began as a Deep Dwarf Fighter on Oct 3, 2018.
             Was a Follower of Uskayaw.
             Slain by a two-headed ogre
             ... wielding a +0 giant club
              (10 damage)
             ... on level 9 of the Dungeon.
             The game lasted 00:50:19 (7194 turns).

Launchbay the Cleaver (Deep Dwarf Fighter)          Turns: 7194, Time: 00:50:19

Health: 0/81       AC: 11    Str: 24    XL:     9   Next: 76%
Magic:  5/5        EV:  9    Int:  8    God:    Uskayaw [*.....]
Gold:   303        SH:  8    Dex: 17    Spells: 8/8 levels left

rFire    + + +     SeeInvis +   a - +2 war axe
rCold    . . .     Gourm    .   W - +2 buckler "Ydwaof" {+Fly rF+++ MR+ Slay-4}
rNeg     . . .     Faith    .   h - +0 chain mail
rPois    .         Spirit   .   (no helmet)
rElec    .         Reflect  .   (no cloak)
rCorr    .         Harm     .   Z - +0 pair of gloves {Dex+3}
MR       ++...                  (no boots)
Stlth    ..........             (no amulet)
HPRegen  0.00/turn              l - ring of see invisible
MPRegen  0.09/turn              m - +2 ring of dexterity

@: non-regenerating
A: damage resistance, heal wounds, sense surroundings 2, no regeneration
a: Heal Wounds, Stomp, Renounce Religion, Evoke Flight


You were on level 9 of the Dungeon.
You worshipped Uskayaw.
Uskayaw was noncommittal.
You were not hungry.

You visited 2 branches of the dungeon, and saw 10 of its levels.

You collected 441 gold pieces.
You spent 138 gold pieces at shops.

Inventory:

Hand Weapons
 a - a +2 war axe (weapon)
 y - a +3 quarterstaff of chaos
 A - a +0 mace of protection
 C - a +0 trident of freezing
 F - a +0 dire flail
 H - a +2 mace of crushing
 I - a +2 trident of protection
 J - a +0 shortbow
 O - a +0 war axe
Missiles
 j - 257 stones (quivered)
 r - 4 javelins
 u - 98 bolts
 P - 34 arrows
Armour
 b - a +0 scale mail
 c - a +0 shield
 h - a +0 chain mail (worn)
 n - a +0 shield
 p - a +0 ring mail of poison resistance
 V - a +1 scale mail of fire resistance
 W - the +2 buckler "Ydwaof" (worn) {+Fly rF+++ MR+ Slay-4}
   (You found it on level 7 of the Dungeon)

   It affects your accuracy and damage with ranged weapons and melee attacks
   (-4).
   It renders you almost immune to fire.
   It affects your resistance to hostile enchantments.
   It lets you fly.
 Z - a +0 pair of gloves of dexterity (worn)
Jewellery
 k - an uncursed ring of protection from magic
 l - a ring of see invisible (left hand)
 m - a +2 ring of dexterity (right hand)
 B - an uncursed ring of positive energy
 D - an uncursed ring of teleportation
 T - an uncursed ring of protection from cold
Wands
 R - a wand of paralysis (14)
 U - a wand of iceblast (14)
Scrolls
 e - 6 scrolls of identify
 o - 6 scrolls of remove curse
 q - a scroll of fog
 s - a scroll of magic mapping
 v - 2 scrolls of blinking
 L - 4 scrolls of amnesia
 Q - 3 scrolls of teleportation
 X - a scroll of immolation
Potions
 d - 4 potions of might
 g - 8 potions of curing
 i - a potion of heal wounds
 t - 4 potions of brilliance
 E - 2 potions of degeneration
Comestibles
 f - 11 rations


   Skills:
 + Level 5.2 Fighting
 + Level 9.9 Axes
 + Level 6.9 Armour
 + Level 2.3 Dodging
 * Level 6.0 Stealth
 + Level 6.9 Shields
 + Level 0.4 Evocations


You had 8 spell levels left.
You didn't know any spells.
Your spell library contained the following spells:

 Spells                   Type           Power        Failure   Level  Hunger
 Corona                   Hex            #......      95%         1    ##.....
 Ensorcelled Hibernation  Hex/Ice        #.....       99%         2    ###....
 Confuse                  Hex            #.......     100%        3    ####...
 Dazzling Spray           Conj/Hex       #.....       100%        3    ####...
 Tukima's Dance           Hex            #.......     100%        3    ####...


Dungeon Overview and Level Annotations

Branches:
Dungeon (8/15)             Temple (1/1) D:7
   Lair: D:8-11

Altars:
Ashenzari
Cheibriados
Dithmenos
Elyvilon
Fedhas
Gozag
Hepliaklqana
Kikubaaqudgha
Makhleb
Okawaru
Qazlal
Ru
Sif Muna
Trog
Uskayaw
Vehumet
Wu Jian
Xom
Yredelemnul
Zin
The Shining One

Shops:
D:7 [

Annotations:
D:4 3 runed doors
D:5 2 transporters, Kaderl's ghost, amateur HOFi
D:8 1 transporter


Innate Abilities, Weirdness & Mutations

You are resistant to damage.
You can heal yourself by infusing magical energy.
You passively map the area around you.
You do not regenerate.


Message History

You kill the orc!
You block the orc warrior's attack.
The orc warrior hits you from afar with a glaive!
You barely miss the two-headed ogre.
The two-headed ogre hits you with a giant club! x2
The orc warrior hits you from afar with a glaive.
The orc barely misses you.
You hit the two-headed ogre.
The two-headed ogre is lightly wounded.
You block the orc warrior's attack. You block the two-headed ogre's attack.
The two-headed ogre barely misses you. You block the orc's attack.
You slash the two-headed ogre!
The two-headed ogre is moderately wounded.
The orc warrior hits you from afar with a glaive!
* * * LOW HITPOINT WARNING * * *
The orc hits you but does no damage.
The two-headed ogre hits you with a giant club!
* * * LOW HITPOINT WARNING * * *
The two-headed ogre hits you with a giant club!
You die...

*
######......^................
##...#........................
#.............................
#.............................
#.......##...............##...
####...###....................
#...# #...oo...............
#...# ####O.............#..
##### ##..@.............#..
#.................###
###....#............#
#.................###
###.........#)).....#
#................####
#.............####
#........##...#
###############


You could see a two-headed ogre, an orc warrior and an orc.

Vanquished Creatures
  Harold (D:7)
  A troll (D:7)
  An orc warrior (D:9)
  A water moccasin (D:5)
  An ice beast (D:9)
  2 ogres (D:7)
  A centaur (D:5)
  Blork the orc (D:5)
  A big kobold (D:8)
  4 bullfrogs
  A gnoll sergeant (D:9)
  A wyvern skeleton (D:9)
  3 scorpions (D:7)
  2 howler monkeys
  A crimson imp (D:6)
  2 centaur zombies
  Crazy Yiuf (D:3)
  A hound (D:4)
  3 jellies
  4 orc priests
  6 orc wizards
  A bullfrog skeleton (D:4)
  2 centaur skeletons
  5 iguanas
  3 worker ants
  A hound zombie (D:5)
  A howler monkey zombie (D:5)
  11 adders
  15 gnolls
  A shadow imp (D:7)
  An ooze (D:4)
  2 adder skeletons
  A dart slug (D:2)
  5 leopard geckos
  26 orcs
  8 giant cockroaches
  10 goblins
  8 hobgoblins
  5 jackals
  A quokka (D:3)
  2 ball pythons
  6 bats
  2 frilled lizards
  A jackal skeleton (D:4)
  10 kobolds
  2 leopard gecko skeletons (D:4)
  A quokka skeleton (D:6)
  7 rats
177 creatures vanquished.

Notes
Turn   | Place    | Note
-------+----------+-------------------------------------------
     0 | D:1      | Launchbay the Deep Dwarf Fighter began the quest for the
                  | Orb.
     0 | D:1      | Reached XP level 1. HP: 20/20 MP: 1/1
   207 | D:1      | Reached XP level 2. HP: 18/27 MP: 2/2
  1155 | D:2      | Reached XP level 3. HP: 25/33 MP: 3/3
  1163 | D:2      | Reached skill level 3 in Axes
  1745 | D:2      | Reached XP level 4. HP: 35/40 MP: 4/4
  2110 | D:3      | Reached skill level 1 in Stealth
  2707 | D:3      | Found a runed door.
  2711 | D:3      | Noticed Crazy Yiuf
  2715 | D:3      | Paralysed by Crazy Yiuf for 5 turns
  2722 | D:3      | Killed Crazy Yiuf
  2722 | D:3      | Reached skill level 4 in Axes
  2722 | D:3      | Reached XP level 5. HP: 36/49 MP: 1/5
  2940 | D:4      | Reached skill level 1 in Dodging
  2986 | D:4      | Reached XP level 6. HP: 38/56 MP: 6/6
  3021 | D:4      | Noticed an ice beast
  3029 | D:4      | Found a runed gate.
  3029 | D:4      | Found a runed gate.
  3029 | D:4      | Found a runed gate.
  3831 | D:5      | Entered Level 5 of the Dungeon
  3831 | D:5      | Noticed Blork the orc
  3846 | D:5      | Killed Blork the orc
  3846 | D:5      | Reached skill level 5 in Axes
  3960 | D:5      | Noticed Kaderl's ghost (amateur HOFi)
  3962 | D:5      | Found a transporter.
  3962 | D:5      | Found a transporter.
  4198 | D:5      | Reached XP level 7. HP: 52/62 MP: 7/7
  4303 | D:5      | Reached skill level 6 in Axes
  4477 | D:5      | Reached skill level 5 in Shields
  4614 | D:6      | Reached skill level 7 in Axes
  4720 | D:6      | Reached skill level 5 in Armour
  4720 | D:6      | Reached XP level 8. HP: 56/72 MP: 8/8
  5574 | D:7      | Found a staircase to the Ecumenical Temple.
  5593 | Temple   | Entered the Ecumenical Temple
  5908 | Temple   | Became a worshipper of Uskayaw the Reveler
  5951 | D:7      | Reached * piety under Uskayaw
  5958 | D:7      | Got a brightly glowing buckler
  5969 | D:7      | Identified the +2 buckler "Ydwaof" {+Fly rF+++ MR+ Slay-4}
                  | (You found it on level 7 of the Dungeon)
  5992 | D:7      | Reached ** piety under Uskayaw
  6155 | D:7      | Reached skill level 8 in Axes
  6173 | D:7      | Noticed Harold
  6200 | D:7      | Killed Harold
  6200 | D:7      | Gained mutation: You passively map the area around you.
                  | [Deep Dwarf growth]
  6200 | D:7      | Reached XP level 9. HP: 60/80 MP: 1/6
  6200 | D:7      | Reached *** piety under Uskayaw
  6320 | D:7      | Reached skill level 9 in Axes
  6367 | D:7      | Found Bomoleysch's Armour Emporium.
  6371 | D:7      | Bought a +0 pair of gloves of dexterity for 138 gold pieces
  6637 | D:8      | Noticed a troll
  6646 | D:7      | Reached **** piety under Uskayaw
  6648 | D:7      | Killed a troll
  6648 | D:7      | Reached skill level 5 in Stealth
  6760 | D:8      | Reached skill level 5 in Fighting
  6848 | D:8      | Found a transporter.
  6914 | D:8      | You fall through a shaft!
  6975 | D:9      | Reached ***** piety under Uskayaw
  7170 | D:9      | Noticed a two-headed ogre
  7194 | D:9      | Slain by a two-headed ogre

Skill      XL: |  1  2  3  4  5  6  7  8  9 |
---------------+----------------------------+-----
Axes           | 3 4 5 7 8 9 |  9.9
Armour         | 4 5 6 |  6.9
Stealth        | 1 4 6 |  6.0
Shields        | 4 5 6 |  6.9
Fighting       | 3 4 5 |  5.2
Dodging        | 1 2 |  2.3
Evocations     | |  0.4

Action                   |  1- 3 |  4- 6 |  7- 9 || total
-------------------------+-------+-------+-------++-------
Melee: War axe           |   146 |   166 |   407 ||   719
Invok: Stomp             |       |       |     4 ||     4
       Line Pass         |       |       |     1 ||     1
 Abil: Heal Wounds       |     2 |     4 |    17 ||    23
       Evoke Flight      |       |       |     1 ||     1
  Use: Potion            |     1 |       |     6 ||     7
       Scroll            |     1 |     8 |     4 ||    13
 Stab: Paralysed         |       |       |     4 ||     4
  Eat: Chunk             |     3 |     5 |     4 ||    12
       Ration            |       |     1 |     2 ||     3
Armor: Scale mail        |    20 |       |       ||    20
       Chain mail        |    64 |    77 |   151 ||   292
Dodge: Dodged            |    32 |    30 |   120 ||   182
Block: Shield            |    95 |    86 |    73 ||   254
       Buckler           |       |       |    97 ||    97
